 Dungeon Crawl Stone Soup version 0.31-a0-233-g139696dc86 (webtiles) character file.

Game seed: 2954861134708760245

51 qw the Shooter (level 3, -2/29 HPs)
             Began as a Minotaur Hexslinger on July 7, 2023.
             Slain by Sigmund
             ... wielding a +2 scythe of freezing
              (3 damage)
             ... on level 2 of the Dungeon.
             The game lasted 00:00:26 (1115 turns).

qw the Shooter (Minotaur Hexslinger)                Turns: 1115, Time: 00:00:27

Health: -2/29      AC:  3    Str: 12    XL:     3   Next: 57%
Magic:  3/3        EV: 12    Int: 10    God:
Gold:   53         SH:  0    Dex: 14    Spells: 3/4 levels left

rFire   . . .        Y - +1 sling
rCold   . . .        (no shield)
rNeg    . . .        h - +0 leather armour
rPois   .            (helmet restricted)
rElec   .            (no cloak)
rCorr   .            (no gloves)
SInv    .            (no boots)
Will    .....        (no amulet)
Stlth   +            (no ring)
HPRegen 0.24/turn    (no ring)
MPRegen 0.08/turn

%: no passive effects
@: no status effects
A: horns 2, retaliatory headbutt
a: no special abilities


You were on level 2 of the Dungeon.
You visited 1 branch of the dungeon, and saw 2 of its levels.

You collected 53 gold pieces.


Innate Abilities, Weirdness & Mutations

You have a pair of horns on your head.
You reflexively headbutt those who attack you in melee.


   Skills:
 - Level 2.0 Fighting
 + Level 4.1 Ranged Weapons
 - Level 2.1 Dodging
 - Level 1.0 Spellcasting
 - Level 2.0 Hexes


You had 3 spell levels left.
You knew the following spells:

 Your Spells              Type           Power      Damage    Failure   Level
a - Slow                  Hex            16%        N/A       19%         1

Your spell library contained the following spells:

 Spells                   Type           Power      Damage    Failure   Level
 Inner Flame              Hex/Fire       2%         N/A       65%         3
 Portal Projectile        Hex/Tloc       4%         N/A       65%         3
 Cause Fear               Hex            2%         N/A       88%         4

Inventory:

Hand Weapons
 Y - a +1 sling (weapon)
Armour
 h - a +0 leather armour (worn)
Scrolls
 a - a scroll of identify {unknown}
 b - a scroll of revelation {unknown}
Potions
 e - a potion of heal wounds {unknown}
 f - a potion of might {unknown}

Dungeon Overview and Level Annotations

Branches:
Dungeon (2/15)

Altars:

Annotations:
D:2 Sigmund


Message History

Enter note: You shoot a sling bullet.
The sling bullet closely misses Sigmund.
Sigmund casts a spell at you. The puff of flame hits you!
1092 ||| FLEEEEING.
1093 ||| STILL FLEEEEING.
1094 ||| STILL FLEEEEING.
1095 ||| STILL FLEEEEING.
1096 ||| FLEEEEING.
Sigmund mumbles some strange words.
Sigmund flickers and vanishes!
Deactivating autopickup; reactivate with Ctrl-A.
1097 ||| STILL FLEEEEING.
1098 ||| STILL FLEEEEING.
1099 ||| STILL FLEEEEING.
1100 ||| STILL FLEEEEING.
1101 ||| STILL FLEEEEING.
1102 ||| STILL FLEEEEING.
1103 ||| STILL FLEEEEING.
1104 ||| STILL FLEEEEING.
1105 ||| STILL FLEEEEING.
You shoot a sling bullet. You shoot a sling bullet. You shoot a sling bullet.
You shoot a sling bullet. You shoot a sling bullet. You shoot a sling bullet.
Something hits you. Something freezes you.
You shoot a sling bullet. Something hits you. Something freezes you.
You shoot a sling bullet.
You hear some strange, mumbled words.
A puff of flame appears from out of thin air!
The puff of flame hits you!
You shoot a sling bullet. Something barely misses you.
You shoot a sling bullet. Something hits you! Something freezes you.
You die...

## ####### #.##.....# ##
#.#.###.### #.###..#
#...##########
#.#.#.###.#..{.@.....##
###.##.....#########.#.##
#...######## ##.###.##
#.### ##.## ##.## #. #.##
##.# #. #..## ##.## #.
#.#.###.## #. #.##.#.##
#@ #.###.##


There were no monsters in sight!

Vanquished Creatures
  An adder (D:2)
  2 worms (D:2)
  4 bats (D:1)
  6 endoplasms
  8 goblins
  2 hobgoblins (D:1)
  2 kobolds (D:1)
  A quokka (D:1)
  A ball python (D:1)
  2 frilled lizards (D:2)
  3 rats
32 creatures vanquished.

Notes
Turn   | Place    | Note
-------+----------+-------------------------------------------
     0 | D:1      | qw the Minotaur Hexslinger began the quest for the Orb.
     0 | D:1      | Reached XP level 1. HP: 16/16 MP: 1/1
     0 | D:1      | 0 ||| qw: Version: 0.3-a-46-gb1f654a
     0 | D:1      | 0 ||| qw: Game counter: 3313
     0 | D:1      | 0 ||| qw: Melee chars always use a shield: true
     0 | D:1      | 0 ||| qw: God list: Okawaru
     0 | D:1      | 0 ||| qw: Allow faded altars: false
     0 | D:1      | 0 ||| qw: Do Orc after clearing Dungeon:15 true
     0 | D:1      | 0 ||| qw: Do second Lair branch before Depths: true
     0 | D:1      | 0 ||| qw: Lair rune preference: random
     0 | D:1      | 0 ||| qw: Goals: Normal
     0 | D:1      | 0 ||| PLANNING D:1-11
   121 | D:1      | Reached skill level 3 in Ranged Weapons
   215 | D:1      | Reached XP level 2. HP: 23/23 MP: 2/2
   290 | D:1      | 290 ||| FLEEEEING.
   408 | D:1      | Found a faded altar of an unknown god.
   553 | D:1      | Reached XP level 3. HP: 29/29 MP: 3/3
   739 | D:1      | 739 ||| UPGRADING to +0 leather armour.
   749 | D:1      | 749 ||| DROPPING +0 robe.
   750 | D:1      | 750 ||| READING scroll labelled DIUTEU MOFU.
   851 | D:1      | 851 ||| READING scroll labelled KEFOQIZAMU.
   852 | D:1      | 852 ||| DROPPING scroll of poison.
   900 | D:2      | Reached skill level 4 in Ranged Weapons
  1090 | D:2      | Noticed Sigmund
  1092 | D:2      | 1092 ||| FLEEEEING.
  1096 | D:2      | 1096 ||| FLEEEEING.
  1113 | D:2      | HP: 7/29 [something/puff of flame (8)]
  1115 | D:2      | HP: 1/29 [something (7)]
  1115 | D:2      | Slain by Sigmund

Levels and vault maps discovered:
D:1:      wander_arrival_lonely_grave, layout_basic,
          shapermc_ecumenical_altar_mp_ritualfount, wad_floor_pattern_untrapped
D:2:      layout_loops_cross, uniq_sigmund

Skill      XL: |  1  2  3 |
---------------+----------+-----
Ranged Weapons | 3 4 |  4.1
Fighting       | 2 |  2.0
Dodging        | |  2.1
Spellcasting   | |  1.0
Hexes          | |  2.0

Action                     || total
---------------------------++-------
   Fire: Sling             ||   105
    Use: Scroll            ||     2
 Armour: Robe              ||     8
         Leather armour    ||     1
  Dodge: Dodged            ||    21

Table legend:
 A = Non-vault XP
 B = Vault XP
 C = Vault XP percentage of total XP
 D = Non-vault monster count
 E = Vault monster count
 F = Vault count percentage of total count
                 A         B        C        D         E       F
            +---------+---------+-------+---------+---------+-------
      Total |      73 |       0 |   0.0 |      32 |       0 |   0.0
            +---------+---------+-------+---------+---------+-------
        D:1 |      44 |       0 |   0.0 |      24 |       0 |   0.0
        D:2 |      29 |       0 |   0.0 |       8 |       0 |   0.0
            +---------+---------+-------+---------+---------+-------
